 Dungeon Crawl Stone Soup version 0.30.1-11-g7821555f0a (webtiles) character file.

Game seed: 13125315339465661632

46 JAYSQUAD5 the Digger (level 3, -2/26 HPs)
             Began as a Demigod Earth Elementalist on Dec 19, 2023.
             Slain by a sleepcap (8 damage)
             ... on level 4 of the Dungeon.
             The game lasted 00:21:09 (1092 turns).

JAYSQUAD5 the Digger (Demigod Earth Elementalist)   Turns: 1092, Time: 00:21:09

Health: -2/26      AC:  8    Str:  9    XL:     3   Next: 27%
Magic:  0/9        EV:  2    Int: 17    God:
Gold:   50         SH:  0    Dex: 18    Spells: 6/7 levels left

rFire   . . .        n - +0 hand axe
rCold   . . .        (no shield)
rNeg    . . .        r - +0 chain mail
rPois   .            (no helmet)
rElec   .            (no cloak)
rCorr   .            (no gloves)
SInv    .            (no boots)
Will    .....        (no amulet) Stlth
                     (no ring)
HPRegen 0.24/turn    (no ring)
MPRegen 0.11/turn

%: no passive effects
@: sleeping, slightly contaminated
A: high MP 1, forlorn, divine attributes
a: no special abilities


You were on level 4 of the Dungeon.
You visited 1 branch of the dungeon, and saw 4 of its levels.

You collected 50 gold pieces.

Inventory:

Hand Weapons
 j - a +0 club
 k - a +0 dagger
 l - a +0 dagger
 n - a +0 hand axe (weapon)
 p - a +0 whip
Armour
 a - a +0 robe
 f - a +0 ring mail
 q - a +0 robe of positive energy
 r - a +0 chain mail (worn)
Scrolls
 b - a scroll of identify {unknown}
 c - a scroll of enchant weapon
 e - a scroll of immolation {unknown}
 g - 2 scrolls of brand weapon {unknown}
 i - 3 scrolls of poison {unknown}
Potions
 d - 3 potions of flight {unknown}
 h - 2 potions of curing {unknown}
 m - a potion of haste {unknown}
 o - 2 potions of attraction {unknown}


   Skills:
 + Level 0.1 Short Blades
 + Level 0.1 Axes
 + Level 0.2 Armour
 + Level 1.8 Dodging
 + Level 1.7 Stealth
 + Level 2.6 Spellcasting
 + Level 0.8 Transmutations
 + Level 3.3 Earth Magic


You had 6 spell levels left.
You knew the following spells:

 Your Spells              Type           Power      Damage    Failure   Level
a - Sandblast             Erth           26%        2d8       97%         1

Your spell library contained the following spells:

 Spells                   Type           Power      Damage    Failure   Level
 Passwall                 Tmut/Erth      7%         N/A       100%        2
 Stone Arrow              Conj/Erth      14%        3d7       100%        3
 Petrify                  Tmut/Erth      9%         N/A       100%        4


Dungeon Overview and Level Annotations

Branches:
Dungeon (4/15)
 Temple: D:4-7


Innate Abilities, Weirdness & Mutations

You have an increased reservoir of magic. (+10% MP)
You shall have no god before yourself.
Your divine heritage dramatically boosts your attributes as you level up.


Message History

You miscast Sandblast.
You are lightly contaminated with residual magic.
Nothing appears to happen.
The sleepcap releases spores at you but does no damage.
Aiming: Sandblast (safe; 97% risk of failure)
Press: ? - help, Q - select action Shift-Dir - straight line, f/p - sleepcap
Aim: a sleepcap (100% to hit)
You miscast Sandblast.
Nothing appears to happen.
The sleepcap releases spores at you.
Aiming: Sandblast (safe; 97% risk of failure)
Press: ? - help, Q - select action Shift-Dir - straight line, f/p - sleepcap
Aim: a sleepcap (100% to hit)
You miscast Sandblast.
Nothing appears to happen.
The sleepcap barely misses you.
You don't have enough magic to cast this spell.
You hit the sleepcap but do no damage.
The sleepcap releases spores at you but does no damage.
You don't have enough magic to cast this spell.
You hit the sleepcap.
The sleepcap is lightly damaged.
The sleepcap releases spores at you but does no damage.
You don't have enough magic to cast this spell.
You hit the sleepcap but do no damage.
The sleepcap is lightly damaged.
The sleepcap releases spores at you.
Aiming: Sandblast (safe; 97% risk of failure)
Press: ? - help, Q - select action Shift-Dir - straight line, f/p - sleepcap
Aim: a sleepcap (lightly damaged, 100% to hit)
You miscast Sandblast.
Nothing appears to happen.
The sleepcap releases spores at you but does no damage.
You don't have enough magic to cast this spell.
You hit the sleepcap.
The sleepcap is moderately damaged.
The sleepcap releases spores at you but does no damage.
The sleepcap releases spores at you.
* * * LOW HITPOINT WARNING * * *
You are engulfed in a cloud of soporific spores!
You fall asleep.
The sleepcap releases spores at you!
You die...

#### ...
..#
#.#######
#.......#
#.###<#
#...f@#
###.###
#.. #..
#f# #. #


You could see a sleepcap.

Vanquished Creatures
  An adder (D:3)
  A worm (D:2)
  2 dart slugs (D:1)
  2 ball pythons (D:1)
  6 bats
  An endoplasm (D:1)
  2 giant cockroaches (D:1)
  2 goblins
  4 hobgoblins
  2 quokkas (D:1)
  A frilled lizard (D:1)
  A kobold (D:1)
  2 rats
27 creatures vanquished.

Notes
Turn   | Place    | Note
-------+----------+-------------------------------------------
     0 | D:1      | JAYSQUAD5 the Demigod Earth Elementalist began the quest
                  | for the Orb.
     0 | D:1      | Reached XP level 1. HP: 14/14 MP: 5/5
   581 | D:1      | Reached skill level 3 in Earth Magic
   581 | D:1      | Reached XP level 2. HP: 20/20 MP: 5/7
   882 | D:2      | Reached XP level 3. HP: 18/26 MP: 0/9
  1092 | D:4      | Slain by a sleepcap

Illustrated notes

Levels and vault maps discovered:
D:1:      matt_arrival_los_fun, layout_rooms, minmay_tree_intersection
D:2:      layout_basic, minmay_domino_2
D:3:      layout_rooms, nicolae_hexahallways, st_stairs_10, uniq_sigmund,
          uniq_terence
D:4:      layout_loops_ring, minmay_temple_entry_statues

Skill      XL: |  1 |
---------------+----+-----
Spellcasting   | 2 |  2.6
Earth Magic    | 3 |  3.3
Short Blades   | |  0.1
Axes           | |  0.1
Armour         | |  0.2
Dodging        | |  1.8
Stealth        | |  1.7
Transmutations | |  0.8

Action                     || total
---------------------------++-------
  Melee: Unarmed           ||    11
         Hand axe          ||    13
         Dagger            ||     6
         Punch             ||     1
   Cast: Sandblast         ||    39
    Use: Scroll            ||     1
         Potion            ||     1
 Armour: Robe              ||     9
         Ring mail         ||    15
         Chain mail        ||    11
  Dodge: Dodged            ||    56
